 Dungeon Crawl Stone Soup version 0.24.0-1-gfbc8707 (webtiles) character file.

Game seed: 12472579396483221558, levelgen mode: deterministic

89 BICBOI the Slasher (level 4, -5/35 HPs)
             Began as a Demonspawn Chaos Knight on Dec 3, 2019.
             Was a Plaything of Xom.
             Slain by a wyvern skeleton (10 damage)
             ... on level 2 of the Dungeon.
             The game lasted 00:05:01 (793 turns).

BICBOI the Slasher (Demonspawn Chaos Knight)         Turns: 793, Time: 00:05:02

Health: -5/35      AC:  6    Str: 11 (13) XL:     4   Next: 31%
Magic:  4/4        EV: 11    Int: 11 (14) God:    Xom [..*...]
Gold:   68         SH:  0    Dex: 11 (12) Spells: 3/3 levels left

rFire    . . .     SeeInvis .   a - +0 falchion (chaos)
rCold    . . .     Gourm    .   (no shield)
rNeg     . . .     Faith    .   b - +2 leather armour
rPois    .         Spirit   .   (no helmet)
rElec    .         Reflect  .   (no cloak)
rCorr    .         Harm     .   g - +0 pair of gloves
MR       .....                  (no boots)
Stlth    ++........             j - amulet of regeneration
HPRegen  0.51/turn              (no ring)
MPRegen  0.09/turn              (no ring)

@: no status effects
A: talons 1, nightstalker 1, rot immunity
a: Renounce Religion


You were on level 2 of the Dungeon.
You worshipped Xom.
You were a toy of Xom.
You were not hungry.

You visited 1 branch of the dungeon, and saw 2 of its levels.

You collected 68 gold pieces.

Inventory:

Hand Weapons
 a - a +0 falchion of chaos (weapon)
Armour
 b - a +2 leather armour (worn)
 g - a +0 pair of gloves (worn)
Jewellery
 j - an amulet of regeneration (around neck)
Scrolls
 d - 3 scrolls of remove curse {unknown}
 e - a scroll of identify {unknown}
 f - 2 scrolls of teleportation {unknown}
 h - a scroll of magic mapping {unknown}
Potions
 l - a potion of ambrosia {unknown}
Comestibles
 c - 6 rations
 k - a chunk of flesh


   Skills:
 + Level 3.5 Fighting
 + Level 3.7 Long Blades
 + Level 2.2 Armour
 + Level 1.4 Dodging
 + Level 0.8 Stealth


You had 3 spell levels left.
You didn't know any spells.
Your spell library was empty.

Dungeon Overview and Level Annotations

Branches:
Dungeon (2/15)

Altars:


Innate Abilities, Weirdness & Mutations

You have sharp toenails.
You are slightly more attuned to the shadows.
You are immune to rotting.


Message History

The worm bites you.
You hit the worm.
The worm is severely wounded.
You hit the worm. You burn the worm. You claw the worm, but do no damage.
The worm is almost dead.
You kill the worm!
There is a stone staircase leading down here.
You see here a worm corpse.
Unknown command.
A wyvern skeleton comes into view.
You hit the wyvern skeleton.
The wyvern skeleton flickers and vanishes!
Deactivating autopickup; reactivate with Ctrl-A.
You claw something. Something bites you! Something bites you!
Something bites you!
* * * LOW HITPOINT WARNING * * *
Something barely misses you. Something bites you!
You die...

##.. .. #.. ... ... #.#
#.# #.# #.# ####.### #
###.### #.(.....
#.#.....# #.#...#.
.#.#.#...#.# ###.....#.
......@#.#.###...#.#.#.
.#.#.#..>.%............
#.#####.#.#...###... #
#...#.#... #...
#.###.#########. #.#
#.###......(
#####'###...#.#####.
##.......##........<.
.........##..........


There were no monsters in sight!

Vanquished Creatures
  3 gnolls (D:2)
  An adder (D:2)
  2 worms (D:2)
  A leopard gecko (D:1)
  2 ball pythons
  4 giant cockroaches
  6 goblins
  2 hobgoblins (D:1)
  3 jackals (D:1)
  7 kobolds
  A quokka (D:2)
  4 bats
  3 frilled lizards
  3 rats (D:1)
42 creatures vanquished.

Notes
Turn   | Place    | Note
-------+----------+-------------------------------------------
     0 | D:1      | BICBOI the Demonspawn Chaos Knight began the quest for the
                  | Orb.
     0 | D:1      | Reached XP level 1. HP: 18/18 MP: 1/1
   145 | D:1      | Gained mutation: You are slightly more attuned to the
                  | shadows. [demonic ancestry]
   145 | D:1      | Reached XP level 2. HP: 24/24 MP: 2/2
   154 | D:1      | Reached skill level 1 in Dodging
   431 | D:1      | XOM: noise
   453 | D:1      | Gained mutation: You have sharp toenails. [demonic
                  | ancestry]
   453 | D:1      | Reached XP level 3. HP: 29/29 MP: 3/3
   660 | D:2      | Gained mutation: You are immune to rotting. [demonic
                  | ancestry]
   660 | D:2      | Reached XP level 4. HP: 31/35 MP: 4/4
   677 | D:2      | XOM: smoke on damage
   793 | D:2      | Slain by a wyvern skeleton

Levels and vault maps discovered:
D:1:      minmay_arrival_radiant_lines, layout_loops_ring
D:2:      layout_basic, first_ration, nicolae_ru_sacrificial_ziggurat

Skill      XL: |  1  2 |
---------------+-------+-----
Dodging        | 1 |  1.4
Long Blades    | 3 |  3.7
Armour         | 2 |  2.2
Fighting       | |  3.5
Stealth        | |  0.8

Action                   |  1- 3 |  4- 6 || total
-------------------------+-------+-------++-------
Melee: Falchion          |    89 |    22 ||   111
       Kick              |     6 |     7 ||    13
  Use: Potion            |     2 |       ||     2
 Stab: Sleeping          |     5 |     3 ||     8
Armor: Leather armour    |    45 |     6 ||    51
Dodge: Dodged            |    64 |     9 ||    73
       Rpst.: Falchion   |    18 |     1 ||    19
